Match 46764038
Unlisted

Match 46764038
End
Selects Luftwaffe Battlegroup
Selects Luftwaffe Pioneer Support
Fallschirmpioneer Squad Paradrop
Pioneer Squad
Construct Infanterie Kompanie
Fallschirmpioneer Squad Paradrop
Infanterie Officer Quarters
MG 42 Machine Gun Team
Selects Stuka Strafing Run
Construct Luftwaffe Kompanie
Stuka Strafing Run
Flak 30 Anti-aircraft Gun Team
Support Elements
Stuka Strafing Run
Selects Fallschirmjäger Squad Paradrop
Fallschirmjäger Squad Paradrop
Wirbelwind Flakpanzer
Medical Station
Wirbelwind Flakpanzer
Stuka Strafing Run
Angrybirds
Xufe
Crossbone
mex
0
0

Comments sign in to comment!

No comments posted yet!